[Event "Open Nuevo Centro. Jornada 1"]
[Site "Chess.com"]
[Date "2020.06.19"]
[Round "1"]
[White "Martinez Villena, David"]
[Black "Zakharash, Georgii"]
[Result "1-0"]
[WhiteElo "1648"]
[BlackElo "861"]
[TimeControl "180+2"]
[EndTime "10:37:31 PDT"]
[Termination "Victoria de DavidMVAlaquas por jaque mate"]

1. e4 e5 2. Nf3 Nc6 3. Bc4 Bc5 4.
b4 Bxb4 5. c3 Bc5 6. d4 exd4 7.
O-O dxc3 8. Qd5 Qe7 9. Nxc3 Nf6 10. Qd1 O-O 11. Bg5 Bb6 12. Nd5 d6 13. Nxe7+ Nxe7 14. Bxf6 gxf6 15. Nh4 Be6 16. Bd3 Bd4 17. Rb1 b6 18. Qh5 Kh8 19. e5 f5 20. exd6 cxd6 21. Rbe1 Rac8 22. Nxf5 Nxf5 23. Bxf5 Bxf5 24. Qxf5 Bc5 25.
Re4 Rfd8 26. Rh4 Kg8 27. Rxh7 Rc7 28. Qg5+ Kf8 29. Qxd8# 1

[Event "Open Nuevo Centro. Jornada 1"]
[Site "Chess.com"]
[Date "2020.06.19"]
[Round "1"]
[White "Borissov, Juli�n"]
[Black "Romero Barkouk, Rayan "]
[Result "1-0"]
[WhiteElo "1841"]
[BlackElo "1099"]
[TimeControl "180+2"]
[EndTime "10:37:36 PDT"]
[Termination "Victoria de julianborisov por abandono"]

1. e4 e5 2. Nf3 Nc6 3. Bb5 d6 4. c3 Nf6 5. d3 Bg4 6. h3 Bxf3 7.
Qxf3 Be7 8. Nd2 O-O 9. O-O Qd7 10.
Re1 a6 11. Ba4 b5 12. Bc2 d5 13. Nf1 dxe4 14. dxe4 b4 15. Ng3 bxc3 16. bxc3 Rab8 17.
Nf5 g6 18. Nxe7+ Qxe7 19. a4 Kg7 20. Ba3 Qd7 21. Rad1 Qe6 22. Bxf8+ Rxf8 23. Qd3 Rd8 24. Qxa6 Rxd1 25. Rxd1 Qe8 26. Qb5 Qe6 27. Bb3 Qe8 28. a5 Qa8 29. a6 Nd8 30. Qc4 Ne6 31. f3 Ng5 32. h4 Ne6 33. Qb5 c6 34. Qb7 Qd8 35.
Rxd8 1

[Event "Open Nuevo Centro. Jornada 1"]
[Site "Chess.com"]
[Date "2020.06.19"]
[Round "1"]
[White "Garcia Oviedo, Alejandro"]
[Black "Miranda Calvo, Max Rodrigo"]
[Result "1-0"]
[WhiteElo "1875"]
[BlackElo "1131"]
[TimeControl "180+2"]
[EndTime "10:37:41 PDT"]
[Termination "Victoria de alexgarov por abandono"]

1. g3 e5 2. Bg2 Bc5 3. e3 Nc6 4.
Ne2 d5 5. O-O Nge7 6. d4 exd4 7.
exd4 Bd6 8. Nbc3 Be6 9. Nf4 Bxf4 10. Bxf4 O-O 11. Nb5 Rc8 12. Re1 a6 13. Nc3 Qd7 14.
Na4 b6 15. Nc3 Ng6 16. Be3 Rfe8 17. h4 Bh3 18. Bxd5 Nb4 19. Bh1 Bf5 20. Rc1 c5 21. d5 a5 22. a3 Na6 23. Qe2 Qe7 24. Qxa6 Rb8 25. Bd2 Qd7 26. Rxe8+ Rxe8 27. Qxb6 Qe7 28. Qxa5 Nxh4 29. gxh4 Qxh4 30. Bg2 Qh1+ 31. Bxh1 1

[Event "Open Nuevo Centro. Jornada 1"]
[Site "Chess.com"]
[Date "2020.06.19"]
[Round "1"]
[White "Simarro Peir�, Andr�s"]
[Black "Bendayan Claros, Aaron"]
[Result "0-1"]
[WhiteElo "809"]
[BlackElo "1647"]
[TimeControl "180+2"]
[EndTime "10:38:04 PDT"]
[Termination "Victoria de Cuajada_Zero por jaque mate"]

1. e4 c6 2. Nf3 d5 3. exd5 cxd5 4. d4 Nc6 5. Nc3 Nf6 6. Be2 g6 7. Be3 Bg7 8. O-O O-O 9. h3 a6 10. Qd2 Ne4 11. Nxe4 dxe4 12. Ng5 Nxd4 13. Bxd4 Qxd4 14.
Qxd4 Bxd4 15. Nxe4 Bxb2 16. Rab1 Bg7 17. c4 Bf5 18. Bd3 Rab8 19. c5 Rfd8 20. Rfd1 Bd4 21. Rbc1 Rbc8 22. Rc4 Bxe4 23. Bxe4 Bxf2+ 24. Kxf2 Rxd1 25.
Bxb7 Rc7 26. Bf3 Rd2+ 27. Kg3 Rxa2 28. Bd5 Ra5 29. Be4 Raxc5 30. Rb4 a5 31. Rb3 Rc3+ 32.
Rxc3 Rxc3+ 33. Bf3 Rxf3+ 34. Kxf3 a4 35. Ke3 a3 36. Kd2 a2 37. Kc2 a1=Q 38. Kb3 Qg1 39. Kb4 Qxg2 40. Kc4 Qxh3 41. Kd4 Qf5 42. Ke3 h5 43.
Kd4 h4 44. Ke3 h3 45. Kd4 h2 46. Ke3 Qg4 47. Kf2 f6 48. Ke3 e6 49. Kf2 g5 50.
Kf1 Qg3 51. Ke2 f5 52. Kf1 e5 53. Ke2 f4 54. Kf1 e4 55. Ke2 Qg2+ 56. Ke1 h1=R# 0

[Event "Open Nuevo Centro. Jornada 1"]
[Site "Chess.com"]
[Date "2020.06.19"]
[Round "1"]
[White "Morata Briones, Carlos"]
[Black "Gimenez Saiz, Jose Raul"]
[Result "0-1"]
[WhiteElo "550"]
[BlackElo "1534"]
[TimeControl "180+2"]
[EndTime "10:38:09 PDT"]
[Termination "Victoria de rango013 por jaque mate"]

1. e4 d5 2. Nc3 d4 3. Nd5 e6 4.
Nf4 Nf6 5. d3 e5 6. Nh5 Nbd7 7.
Nxf6+ Nxf6 8. Bg5 h6 9. Bxf6 Qxf6 10. Be2 Bb4+ 11. Kf1 O-O 12. Nf3 Bg4 13. h3 Be6 14.
g4 Qf4 15. a3 Be7 16. Qd2 Qf6 17. c3 c5 18. b4 b6 19. cxd4 cxd4 20. Rc1 Rac8 21.
Rxc8 Rxc8 22. Kg2 Bb3 23. Bd1 Bxd1 24. Qxd1 Rc3 25. Qd2 Qc6 26. Nxe5 Qc7 27. Nf3 Rxa3 28. Rc1 Rc3 29. Rd1 Bxb4 30. Qb2 Bc5 31. Nxd4 Bxd4 32.
Rc1 Rxc1 33. Qxc1 Qxc1 34. Kf3 Qd2 35. Kg3 Qxf2# 0

[Event "Open Nuevo Centro. Jornada 1"]
[Site "Chess.com"]
[Date "2020.06.19"]
[Round "1"]
[White "Casado Andreu, David"]
[Black "Moreno Garc�a, Gonzalo "]
[Result "1-0"]
[WhiteElo "1558"]
[BlackElo "603"]
[TimeControl "180+2"]
[EndTime "10:38:25 PDT"]
[Termination "Victoria de dave6635 por jaque mate"]

1. e4 e5 2. Nf3 Nc6 3. Bc4 Nf6 4. d3 Bb4+ 5. c3 Bc5 6. O-O d6 7. Bb3 Bg4 8. Nbd2 Qd7 9. Qe2 Nh5 10. g3 Bh3 11.
Re1 Nf4 12. Qd1 Bg2 13. Nf1 Bxf3 14. Qxf3 O-O-O 15. Ne3 a6 16. gxf4 exf4 17. Ng2 g5 18. Bd1 f6 19. Qg4 f5 20. Qxf5 Rhe8 21. Bg4 Re6 22.
Qxe6 Ne5 23. Qxd7+ Nxd7 24. d4 Bb6 25. h4 Re8 26.
hxg5 Rf8 27. Bxf4 Rf7 28. Be3 Kb8 29. Bxd7 Rxd7 30. f4 c5 31. Rad1 cxd4 32. Bxd4 Bxd4+ 33. Rxd4 d5 34. Rxd5 Rxd5 35. exd5 h5 36. Re7 Kc8 37.
Rh7 Kd8 38. Rxb7 Kc8 39. Rh7 Kd8 40. g6 Ke8 41. g7 Kd8 42. g8=Q# 1

[Event "Open Nuevo Centro. Jornada 1"]
[Site "Chess.com"]
[Date "2020.06.19"]
[Round "1"]
[White "Mart�nez Cuenca, Jose Andr�s"]
[Black "Kovacevic, Slobodan"]
[Result "0-1"]
[WhiteElo "1194"]
[BlackElo "2054"]
[TimeControl "180+2"]
[EndTime "10:38:35 PDT"]
[Termination "Victoria de nikko110 por tiempo"]

1. e4 c5 2. Nf3 e6 3. d4 cxd4 4.
Nxd4 a6 5. Nc3 Qc7 6. Be3 Nf6 7. Bd3 b5 8. O-O Bb7 9. f3 Bd6 10. a4 b4 11. Nce2 Bxh2+ 12. Kf2 Bd6 13. Ke1 Be7 14.
Rh1 Nc6 15. Nxc6 Bxc6 16. Nd4 Bb7 17. Rh3 h6 18. Bf2 d5 19. Rg3 g6 20. e5 Qxe5+ 21. Kf1 Nh5 22. Rg4 Qh2 23. Ke1 Nf6 24. Rh4 Qxg2 25. Ke2 Nh5 26. Qg1 Qxg1 27. Bxg1 Bxh4 28. Bf2 Bxf2 29. Kxf2 e5 30. Ne2 Ke7 31. Ke3 f5 32. Kf2 Kf6 33. Ke3 Rhc8 34. f4 e4 35. Bxa6 Bxa6 36.
Nd4 Rc4 37. Rh1 Rac8 38. Rg1 Nxf4 0

[Event "Open Nuevo Centro. Jornada 1"]
[Site "Chess.com"]
[Date "2020.06.19"]
[Round "1"]
[White "Rabbani Perez, Oumaima "]
[Black "Gukasov, Artem"]
[Result "0-1"]
[WhiteElo "729"]
[BlackElo "1566"]
[TimeControl "180+2"]
[EndTime "10:38:55 PDT"]
[Termination "Victoria de ArtemGukasov por tiempo"]

1. e3 e6 2. Nf3 d5 3. Bd3 c5 4. Bb5+ Nc6 5. Ne5 Qd6 6. Bxc6+ bxc6 7. Nd3 c4 8. Qe2 cxd3 9. Qxd3 Nf6 10. O-O Be7 11.
Rd1 Bb7 12. Qa3 Qxa3 13. bxa3 O-O 14. Bb2 c5 15. a4 Rab8 16. Nc3 Ba6 17. Ba3 Rb7 18.
Rdb1 Rfb8 19. Rxb7 Rxb7 20. Rb1 Rxb1+ 21. Nxb1 Kf8 22. Bb2 c4 23. d3 cxd3 24. cxd3 Bxd3 25.
Nc3 Ne4 26. Nb5 Bxb5 27. axb5 Nc5 28. f3 Na4 29. Bd4 Bc5 30. Be5 f6 31. Bb8 Ke7 32.
Bc7 Bxe3+ 33. Kf1 Bb6 34. Bf4 e5 35. Bd2 d4 36. Bb4+ Bc5 37. Ba5 Nb6 38. h4 Nc4 39.
Bc7 Bb6 40. Bb8 Kd7 41. g4 Kc8 42. Bd6 Nxd6 43. g5 fxg5 44. hxg5 g6 45. a4 Kd7 0

[Event "Open Nuevo Centro. Jornada 1"]
[Site "Chess.com"]
[Date "2020.06.19"]
[Round "1"]
[White "Ainsa Jimenez, Lucas"]
[Black "Donate Moreno, Silvia"]
[Result "0-1"]
[WhiteElo "956"]
[BlackElo "1791"]
[TimeControl "180+2"]
[EndTime "10:39:00 PDT"]
[Termination "Victoria de 2camarones por jaque mate"]

1. e4 c5 2. Nf3 d6 3. d4 cxd4 4.
Nxd4 Nf6 5. Nc3 e5 6. Nf3 Be7 7.
Bc4 O-O 8. Ng5 Nc6 9. Nd5 h6 10.
Nxf6+ Bxf6 11. Nf3 Bg4 12. h3 Bxf3 13. Qxf3 Nd4 14.
Qd1 Rc8 15. Bd3 Bg5 16. Bxg5 Qxg5 17. c3 Qxg2 18. Rf1 Nf3+ 19. Ke2 Ng5 20. Ke1 Nxe4 21.
Ke2 Ng3+ 22. Ke3 Nxf1+ 23. Bxf1 Qg5+ 24. Ke2 Qh5+ 25. Ke1 Qxd1+ 26. Rxd1 Rfd8 27. Bg2 Rc7 28. Kf1 Kf8 29. Kg1 Ke7 30. Bd5 Rc5 31. Bxb7 Rb5 32. Bd5 Rxb2 33. Bb3 Rc8 34. c4 Re2 35. Kf1 Re4 36. Rc1 Rh4 37. Kg2 a5 38. Kg3 Rd4 39.
Rc2 a4 40. Bxa4 Rcxc4 41. Rxc4 Rxc4 42. Bb3 Rc3+ 43. Kg2 f5 44. f3 f4 45. Bd5 Rc2+ 46.
Kf1 Rd2 47. Bb3 d5 48. Ke1 Rd4 49. Ke2 e4 50. fxe4 dxe4 51. Kf2 Rd2+ 52. Ke1 Rh2 53.
Kf1 e3 54. Ke1 f3 55. Kf1 Rh1# 0

[Event "Open Nuevo Centro. Jornada 1"]
[Site "Chess.com"]
[Date "2020.06.19"]
[Round "1"]
[White "Juan Alos, Sergio"]
[Black "Lloret Ramis, Juan Jos�"]
[Result "0-1"]
[WhiteElo "1192"]
[BlackElo "1988"]
[TimeControl "180+2"]
[EndTime "10:39:19 PDT"]
[Termination "Victoria de Amiplim por abandono"]

1. d4 d5 2. Nf3 e6 3. e3 Nf6 4. c3 c5 5. Bd3 Nc6 6. Nbd2 Bd6 7. O-O O-O 8. Qe2 e5 9. e4 cxd4 10.
cxd4 dxe4 11. Nxe4 Nxd4 12. Nxd4 exd4 13. Nxd6 Qxd6 14.
Bg5 Bg4 15. f3 Bh5 16. Qf2 Bg6 17. Bxg6 hxg6 18. Rfd1 Rfd8 19. Bxf6 Qxf6 20. b3 Rd6 21. Rac1 Rad8 22. Rd3 g5 23. Rc7 Rc6 24. Rxc6 bxc6 25. g3 Qd6 26. Kg2 c5 27. Qc2 Qd5 28. h3 g6 29. g4 Re8 30. Kg3 Qe5+ 31. Kg2 Qe2+ 32.
Qxe2 Rxe2+ 33. Kg3 Rxa2 34. b4 cxb4 35. Rxd4 a5 36.
Rd5 b3 37. Rb5 a4 38. h4 gxh4+ 39. Kxh4 b2 40. Kg5 Kg7 41. f4 a3 42. Rb3 Ra1 43. f5 gxf5 44. gxf5 Rg1+ 45. Kf4 b1=Q 46. Rxb1 Rxb1 47.
Ke4 a2 48. Ke5 a1=Q+ 49. Kd5 Re1 0

[Event "Open Nuevo Centro. Jornada 1"]
[Site "Chess.com"]
[Date "2020.06.19"]
[Round "1"]
[White "Ferrando Lacruz, Nicol�s "]
[Black "Bosch Jord�, Ricard"]
[Result "0-1"]
[WhiteElo "781"]
[BlackElo "1619"]
[TimeControl "180+2"]
[EndTime "10:39:19 PDT"]
[Termination "Victoria de UltimateLimo por jaque mate"]

1. d4 Nf6 2. Nf3 e6 3. Bf4 b6 4. e3 Bb7 5. Bd3 h6 6. Nbd2 Nh5 7. Ne5 Nxf4 8. exf4 Qf6 9. Ne4 Qxf4 10. f3 Qe3+ 11. Kf1 Qxd4 12. Ng4 f5 13. c3 Qd5 14. Ne3 Qe5 15.
Nc4 Qd5 16. Ned2 Qxd3+ 17. Kf2 Bc5+ 18. Kg3 f4+ 19. Kxf4 O-O+ 20. Kg4 Qg6+ 21. Kh3 Qh5+ 22. Kg3 Qg5+ 23. Kh3 Be7 24. g4 Qh4+ 25. Kg2 Qxg4+ 26. Kf1 Qh3+ 27. Ke1 Bh4+ 28. Ke2 Rxf3 29. Nxf3 Bxf3+ 30.
Kd2 Bxd1 31. Raxd1 Bg5+ 32. Kc2 Qg2+ 33. Kb3 Qf3 34.
Rhf1 Qc6 35. Ne5 Qb5+ 36. Kc2 Qxe5 37. Rfe1 Qf5+ 38. Kb3 Na6 39. a4 Nc5+ 40. Ka2 Nxa4 41. b3 Nxc3+ 42. Ka3 Nxd1 43. Rxd1 Qa5+ 44. Kb2 Qd2+ 45. Rxd2 Bxd2 46. Kc2 a5 47. Kxd2 a4 48. Kc2 axb3+ 49. Kxb3 Kf7 50. Kc4 Ke7 51. Kd4 Kd6 52.
Ke4 Ra4+ 53. Kf3 Ke5 54. Kg3 Kf5 55. h4 Ra3+ 56. Kh2 Kg4 57. Kg2 Ra2+ 58. Kh1 Kg3 59.
Kg1 Ra1# 0

[Event "Open Nuevo Centro. Jornada 1"]
[Site "Chess.com"]
[Date "2020.06.19"]
[Round "1"]
[White "Yuste Valenzuela, Alejandro"]
[Black "Maestre Soler, Sergio"]
[Result "1-0"]
[WhiteElo "1780"]
[BlackElo "939"]
[TimeControl "180+2"]
[EndTime "10:39:30 PDT"]
[Termination "Victoria de alejandrito290 por jaque mate"]

1. e4 e5 2. Nf3 Bc5 3. d4 exd4 4.
Bc4 h6 5. O-O Nc6 6. c3 dxc3 7.
Bxf7+ Kxf7 8. Qd5+ Ke8 9. Qh5+ Kf8 10. Qxc5+ d6 11. Qxc3 Qe8 12. b3 Qg6 13. Bb2 Bh3 14.
Nh4 Qg5 15. Qxh3 Nb4 16. Na3 Re8 17. Qf3+ Nf6 18. Bxf6 gxf6 19. Nf5 Rg8 20. Nc4 Nd3 21. Ng3 b5 22. Qxd3 bxc4 23. Qxc4 h5 24. Qxc7 h4 25. Qxd6+ Kf7 26. Qd5+ Kg6 27. Qxg5+ Kxg5 28. f4+ Kh6 29.
Nf5+ Kh7 30. Rae1 a5 31. e5 fxe5 32. fxe5 Rg5 33. e6 Reg8 34. Re2 h3 35. g3 Rxf5 36.
Rxf5 Re8 37. e7 Kg6 38. Rxa5 Kf7 39. Rf5+ Kg6 40. Rf8 Rxe7 41. Rxe7 Kg5 42. a4 Kg4 43. a5 Kg5 44. a6 Kh5 45. a7 Kh6 46. a8=Q Kh5 47. Qd5+ Kg6 48. Qf5+ Kh6 49. Rh7# 1

[Event "Open Nuevo Centro. Jornada 1"]
[Site "Chess.com"]
[Date "2020.06.19"]
[Round "1"]
[White "Valverde Alcaide, Miguel Alejandro"]
[Black "Cebolla Ruiz, David"]
[Result "0-1"]
[WhiteElo "918"]
[BlackElo "1728"]
[TimeControl "180+2"]
[EndTime "10:39:41 PDT"]
[Termination "Victoria de Dabelcebolla por jaque mate"]

1. e4 c6 2. c4 d5 3. exd5 cxd5 4. cxd5 Qxd5 5. Nc3 Qa5 6. Bb5+ Bd7 7. a4 Nf6 8.
h3 e5 9. f3 Bb4 10. Qb3 Bxc3 11. Qxc3 Qxc3 12. dxc3 Bxb5 13. axb5 Nbd7 14. Be3 b6 15. f4 Nd5 16. Bd2 Nxf4 17. Bxf4 exf4 18. O-O-O O-O-O 19. Nf3 Nc5 20. Ng5 f6 21. Nf7 Rxd1+ 22.
Rxd1 Rf8 23. Nd6+ Kb8 24. Nf5 g6 25. Ng7 Kc7 26. Kc2 Rd8 27. Rxd8 Kxd8 28. h4 Ke7 29. h5 Kf7 30. hxg6+ hxg6 31. c4 Kxg7 32. Kc3 Ne4+ 33. Kd3 Nc5+ 34. Kd4 Kf7 35. Kd5 Ke7 36. b4 Nb3 37. c5 bxc5 38. bxc5 Kd7 39. c6+ Kc7 40.
Kc4 Nd2+ 41. Kc5 Ne4+ 42. Kd5 Nd6 43. Ke6 Nxb5 44. Kxf6 Kxc6 45. Kxg6 a5 46. Kf5 a4 47. Kxf4 a3 48. g4 a2 49. g5 a1=Q 50. g6 Qg7 51.
Kg5 Kd6 52. Kg4 Ke6 53. Kg3 Qxg6+ 54. Kf3 Qh5+ 55. Ke3 Qg4 56. Kd3 Qd4+ 57. Kc2 Qc3+ 58. Kd1 Qb2 59. Ke1 Nd4 60. Kf1 Qh2 61. Ke1 Nf3+ 62. Kd1 Qd2# 0

[Event "Open Nuevo Centro. Jornada 1"]
[Site "Chess.com"]
[Date "2020.06.19"]
[Round "1"]
[White "M�s Ripoll, Vicente"]
[Black "Crevillen Abad, Clemente"]
[Result "1-0"]
[WhiteElo "1122"]
[BlackElo "1783"]
[TimeControl "180+2"]
[EndTime "10:40:04 PDT"]
[Termination "Victoria de menut por abandono"]

1. e4 c5 2. Nf3 Nc6 3. Bc4 d6 4. h3 Nf6 5. Nc3 a6 6. a3 b5 7.
Ba2 Bb7 8. d3 e6 9. Bf4 Be7 10.
O-O O-O 11. Nh2 d5 12. exd5 exd5 13. Re1 Bd6 14. Bg5 Bxh2+ 15. Kxh2 c4 16. dxc4 dxc4 17. Qf3 Qd6+ 18. Kg1 Rfe8 19. Bxf6 Qxf6 20. Qxf6 gxf6 21. Ne4 Kg7 22. Nd6 Reb8 23. Re7 Ne5 24. Rxb7 Rxb7 25.
Nxb7 Ra7 26. Nc5 a5 27. Rd1 Rc7 28. Ne4 f5 29. Ng3 Kf6 30. f4 Nc6 31. c3 Rc8 32. Bb1 Re8 33. Nxf5 Re2 34. Ng3 Rxb2 35. Rd6+ Ke7 36.
Rxc6 Rxb1+ 37. Kh2 Rb3 38. Rb6 Rxc3 39. Rxb5 Rxa3 40.
Kg1 Kd6 41. Kf1 Kc6 42. Rb1 Ra2 43. Ne2 a4 44. Nc1 Rc2 45. Ke1 Kc5 46. Kd1 Rxg2 47. Ra1 Rh2 48. Rxa4 Rxh3 49. Ne2 Rf3 50. Ra6 c3 51.
Ra7 c2+ 52. Kxc2 f5 53. Rb7 Kd5 54. Rxh7 Ke4 55. Re7+ Kd5 56. Re5+ Kd6 57. Rxf5 Rf2 58. Kd2 1

[Event "Open Nuevo Centro. Jornada 1"]
[Site "Chess.com"]
[Date "2020.06.19"]
[Round "1"]
[White "Rodriguez, Mathias"]
[Black "Fern�ndez Martin, Carlos"]
[Result "1-0"]
[WhiteElo "2008"]
[BlackElo "1193"]
[TimeControl "180+2"]
[EndTime "10:41:07 PDT"]
[Termination "Victoria de niguil por abandono"]

1. e4 c5 2. Nf3 d6 3. d4 cxd4 4.
Nxd4 Nf6 5. Nc3 e6 6. Be2 a6 7.
Be3 Bd7 8. O-O Be7 9. f4 O-O 10. Qe1 Nc6 11. Rd1 Rc8 12. Qg3 Kh8 13. e5 dxe5 14.
fxe5 Nd5 15. Nxd5 exd5 16. Bf3 Bh4 17. Qf4 h6 18. Nf5 Bg5 19. Qg3 Bxf5 20. Bxd5 Bxe3+ 21. Qxe3 Bd7 22. Bxf7 Qe7 23. e6 Be8 24. Bxe8 Rcxe8 25. Rfe1 Nd8 26. Qb3 Qf6 27. h3 Qf2+ 28. Kh1 Nxe6 29. Rxe6 Rxe6 30. Qxe6 Kh7 31. Qe4+ Kh8 32. Qb4 Re8 33.
Qg4 Qf6 34. c3 Rf8 35. Rd7 Qf1+ 36. Kh2 Qf6 37. Qd4 Qxd4 38. Rxd4 Rb8 39. Rd7 Kg8 40. Kg3 Kf8 41. Kf4 g5+ 42. Ke5 b5 43. Kd6 Rb6+ 44.
Kc5 Rf6 45. Rh7 Kg8 46. Ra7 Rf2 47. Rxa6 Rxb2 48. c4 bxc4 49. Kxc4 Rxg2 50. a4 Rg3 51. Rxh6 Kg7 52. Rb6 Rxh3 53. a5 Rh4+ 54. Kc5 Rh1 55.
a6 Rc1+ 56. Kb5 g4 57. a7 Ra1 58. Ra6 Rb1+ 59. Kc6 Rc1+ 60. Kb7 Rb1+ 61. Rb6 Ra1 62.
a8=Q Rxa8 63. Kxa8 Kf7 64. Kb7 g3 65. Rb3 g2 66.
Rg3 1

[Event "Open Nuevo Centro. Jornada 1"]
[Site "Chess.com"]
[Date "2020.06.19"]
[Round "1"]
[White "Alegre Romaguera, Francesc"]
[Black "Hassomal Daswani, Birjkumar"]
[Result "1-0"]
[WhiteElo "1168"]
[BlackElo "1835"]
[TimeControl "180+2"]
[EndTime "10:42:18 PDT"]
[Termination "Victoria de Francesc_08 por tiempo"]

1. e4 c5 2. Nf3 e6 3. d4 cxd4 4. Nxd4 Bc5 5. Nc3 Qb6 6. Na4 Qa5+ 7. c3 Bxd4 8. Qxd4 e5 9. Qb4 Qxb4 10. cxb4 d6 11. Nc3 Be6 12. Nb5 Kd7 13. Be3 Nc6 14.
Rd1 Nf6 15. Nxd6 Nd4 16. Bxd4 Kxd6 17. Bc3+ Ke7 18. Bxe5 Rhd8 19. Be2 Rxd1+ 20. Bxd1 Bxa2 21. O-O Bc4 22. Re1 Rd8 23. b3 Bb5 24. h3 Nxe4 25.
Bxg7 f5 26. f3 Kf7 27. fxe4 Kxg7 28. exf5 Kf6 29. g4 Rd2 30. Bf3 b6 31. Re6+ Kg5 32. Re7 Kf4 33. Bg2 Kg3 34. Re3+ Kf4 35. Rf3+ Kg5 36. f6 Rd8 37. f7 Rf8 38. Rf5+ Kg6 39.
Rxb5 Rxf7 40. Be4+ Kg7 41. Rh5 Rf4 42. Bxh7 Rxb4 43.
Bc2 Rd4 44. Rg5+ Kf6 45. Rf5+ Ke6 46. Rh5 Rd2 47. Rh6+ Ke5 48. Bf5 Kf4 49. Re6 Rb2 50. Re4+ Kg3 51. Re3+ Kh4 52. Be6 a5 53. Bc4 Rc2 54.
Kf1 a4 55. Re2 Rc1+ 56. Re1 Rc3 57. Rb1 Rxh3 58. bxa4 Rh1+ 59. Ke2 Rxb1 60. Bb5 Kxg4 61. Bd7+ Kf4 62. Bb5 Rb4 63. Kd3 Ke5 64. Kc3 Rh4 65. Kb3 Kd6 66. Kc3 Kc5 67. Kb3 Rh3+ 68. Kb2 Kb4 69.
Ka2 Rh2+ 70. Kb1 Kc3 71. Ka1 1

[Event "Open Nuevo Centro. Jornada 1"]
[Site "Chess.com"]
[Date "2020.06.19"]
[Round "1"]
[White "Deusa Ballesteros, Lucas "]
[Black "Garcia, Jhoel"]
[Result "1/2-1/2"]
[WhiteElo "1454"]
[BlackElo "2330"]
[TimeControl "180+2"]
[EndTime "10:42:53 PDT"]
[Termination "Tablas por repetición de movimientos"]

1. e4 c5 2. Nf3 Nc6 3. d4 cxd4 4. Nxd4 g6 5. Nc3 Bg7 6. Be3 Nf6 7. Be2 O-O 8. O-O d6 9. Rc1 Bd7 10. a3 Rc8 11. f3 Ne5 12. Bf2 Nc4 13. Bxc4 Rxc4 14. Qe2 Rc8 15. Rfd1 Qa5 16. Qe1 a6 17. Nb3 Qc7 18. Nd4 b5 19. Qd2 Qb8 20. Nde2 Rfd8 21. Qe1 a5 22. Bd4 Be6 23. Nf4 Bd7 24. Nfd5 Be6 25.
Nf4 b4 26. Nxe6 fxe6 27. axb4 axb4 28. Ne2 Bh6 29. f4 Nxe4 30. Qh4 Bf8 31. Rd3 Qb5 32.
Rh3 h5 33. Ng3 Nxg3 34. Rxg3 Kf7 35. f5 exf5 36. Qg5 Ke8 37. Qxg6+ Kd7 38. Qxh5 Kc7 39. Qf3 e5 40. Bf2 f4 41. Rh3 Kb8 42. Rh7 Rc7 43. Rxc7 Kxc7 44. Qe4 Qc6 45. Qxc6+ Kxc6 46. Rd1 d5 47. Kf1 d4 48. Ke2 Kd5 49. Bg1 Ke4 50. Re1 Kd5 51. Rd1 Bd6 52. c3 bxc3 53. bxc3 Rc8 54.
cxd4 e4 55. Kf1 Rc2 56. Re1 f3 57. gxf3 exf3 58. Bf2 Bxh2 59. Re5+ Kc4 60. Rc5+ Kd3 61. Rxc2 Kxc2 62. d5 Kd3 63. Bb6 Ke4 64. Ba7 Kxd5 65.
Bf2 Ke4 66. Ba7 Bf4 67. Bb6 Be5 68. Ba7 Kf4 69. Bb6 Kg4 70. Ba7 Bf4 71. Bb6 Bd6 72. Ba7 Kf5 73. Bb6 Ke4 74. Ba7 Ba3 75. Bf2 Bc1 76. Ba7 Kd3 77. Bb6 Bd2 78. Ba7 Bg5 79. Bb6 Bf6 80. Kf2 Ke4 81. Kf1 Bc3 82. Ba7 Bd2 83.
Bb6 Bf4 84. Ba7 Kf5 85. Bb6 Kg4 86. Ba7 Bg5 87. Bb6 Kf4 88. Ba7 Ke4 89. Bb6 Be3 90.
Bxe3 Kxe3 91. Ke1 Kf4 92. Kf2 Kg4 93. Kf1 Kf4 94. Kf2 Ke4 95. Kf1 Ke5 96. Kf2 Kf4 97. Kf1 Kg3 98. Kg1 Kh3 99. Kf2 Kg4 100.
Kf1 Kg5 101. Kf2 Kf4 102. Kf1 Ke4 103. Kf2 Kf4 1/2-1

[Event "Open Nuevo Centro. Jornada 1"]
[Site "Chess.com"]
[Date "2020.06.19"]
[Round "2"]
[White "Deusa Ballesteros, Luis Miguel"]
[Black "Borissov, Juli�n"]
[Result "0-1"]
[WhiteElo "1517"]
[BlackElo "1843"]
[TimeControl "180+2"]
[EndTime "10:44:46 PDT"]
[Termination "Victoria de julianborisov por abandono"]

1. Nf3 d5 2. g3 c5 3. Bg2 Nc6 4. d3 Nf6 5. Nbd2 e5 6. O-O Be7 7. e4 O-O 8. a4 dxe4 9. Nxe4 Nxe4 10. dxe4 Bg4 11. Qe2 Nd4 12. Qd3 Nxf3+ 0

[Event "Open Nuevo Centro. Jornada 1"]
[Site "Chess.com"]
[Date "2020.06.19"]
[Round "2"]
[White "Donate Moreno, David"]
[Black "Vorozbits Moisejevs, Daniels"]
[Result "1-0"]
[WhiteElo "1488"]
[BlackElo "919"]
[TimeControl "180+2"]
[EndTime "10:44:56 PDT"]
[Termination "Victoria de sylar48 por jaque mate"]

1. e4 e5 2. Nf3 Nc6 3. Bc4 h6 4. c3 Bc5 5. d4 exd4 6. cxd4 Bb4+ 7. Nc3 Bxc3+ 8. bxc3 Nf6 9. e5 Nh7 10. Bb3 O-O 11. Bc2 Qe7 12. Qd3 d6 13. Qxh7# 1

[Event "Open Nuevo Centro. Jornada 1"]
[Site "Chess.com"]
[Date "2020.06.19"]
[Round "2"]
[White "Rabbani Perez, Oumaima "]
[Black "M�ndez Gim�nez , N�stor Emmanuel"]
[Result "0-1"]
[WhiteElo "721"]
[BlackElo "1146"]
[TimeControl "180+2"]
[EndTime "10:45:13 PDT"]
[Termination "Victoria de NestorMendez8 por jaque mate"]

1. e3 e6 2. Bd3 Nf6 3. Nf3 Bd6 4. O-O b6 5. b3 Bb7 6. Bb2 O-O 7. Bxf6 Qxf6 8. Ne5 Bxe5 9. Qg4 Bxa1 10. Qh4 Qxh4 11. g3 Qh3 12. Nc3 Qg2# 0

[Event "Open Nuevo Centro. Jornada 1"]
[Site "Chess.com"]
[Date "2020.06.19"]
[Round "2"]
[White "Crevillen Abad, Clemente"]
[Black "Perrot, Fabien "]
[Result "1-0"]
[WhiteElo "1783"]
[BlackElo "975"]
[TimeControl "180+2"]
[EndTime "10:45:54 PDT"]
[Termination "Victoria de Clementovich por jaque mate"]

1. e4 e5 2. Nf3 Nc6 3. Bb5 Be7 4.
d4 Nxd4 5. Nxd4 exd4 6. Qxd4 c6 7. Bc4 Qb6 8. Qxg7 Bf6 9. Qxf7+ Kd8 10. Qf8+ Kc7 11. Bf4+ d6 12. Qxd6# 1

[Event "Open Nuevo Centro. Jornada 1"]
[Site "Chess.com"]
[Date "2020.06.19"]
[Round "2"]
[White "Aymerich Rosell, Pablo"]
[Black "Donate Peris, Jose Manuel"]
[Result "1-0"]
[WhiteElo "2036"]
[BlackElo "1591"]
[TimeControl "180+2"]
[EndTime "10:46:02 PDT"]
[Termination "Victoria de jasikevic por jaque mate"]

1. e4 e5 2. Nf3 Nc6 3. Bb5 a6 4. Ba4 Bc5 5. c3 d6 6. d4 exd4 7. cxd4 Bb4+ 8. Nc3 b5 9. Bb3 Nge7 10. Ng5 O-O 11. Qh5 h6 12. Nxf7 Rxf7 13. Bxf7+ Kh8 14. Bxh6 Nxd4 15. Be3# 1

[Event "Open Nuevo Centro. Jornada 1"]
[Site "Chess.com"]
[Date "2020.06.19"]
[Round "2"]
[White "G�mez Alonso, �scar"]
[Black "Rabbani Perez, Ayoub "]
[Result "1-0"]
[WhiteElo "1764"]
[BlackElo "241"]
[TimeControl "180+2"]
[EndTime "10:46:17 PDT"]
[Termination "Victoria de osgo78 por jaque mate"]

1. d4 c5 2. d5 Nc6 3. dxc6 Rb8 4. cxd7+ Qxd7 5. Qxd7+ Bxd7 6. Nc3 Rc8 7. e3 Bf5 8. Nf3 Bxc2 9. Bb5+ Rc6 10. Bxc6+ bxc6 11. O-O Bg6 12. b3 Bf5 13. Bb2 Bc8 14. Na4 a5 15. Nxc5 a4 16. Rfd1 axb3 17. axb3 e5 18. Ra8 Ke7 19. Rxc8 e4 20. Ng5 f6 21. Rd7# 1

[Event "Open Nuevo Centro. Jornada 1"]
[Site "Chess.com"]
[Date "2020.06.19"]
[Round "2"]
[White "Fern�ndez Martin, Carlos"]
[Black "Garrido Barona, An�bal"]
[Result "1-0"]
[WhiteElo "1257"]
[BlackElo "730"]
[TimeControl "180+2"]
[EndTime "10:47:03 PDT"]
[Termination "Victoria de Pistachomortal por jaque mate"]

1. e4 e5 2. Nf3 Nc6 3. d4 d5 4. exd5 Nce7 5. dxe5 Nxd5 6. Bc4 c6 7. O-O f6 8. Re1 Bb4 9. c3 Bc5 10. exf6+ Nde7 11. fxg7 Nf6 12. gxh8=Q+ Ng8 13. Qxg8# 1

[Event "Open Nuevo Centro. Jornada 1"]
[Site "Chess.com"]
[Date "2020.06.19"]
[Round "2"]
[White "Maestre Soler, Sergio"]
[Black "Saiz Sapena, Veronica"]
[Result "0-1"]
[WhiteElo "936"]
[BlackElo "1592"]
[TimeControl "180+2"]
[EndTime "10:47:10 PDT"]
[Termination "Victoria de Titina1 por jaque mate"]

1. e4 c6 2. Bc4 d5 3. exd5 cxd5 4.
Bb3 Nc6 5. Nc3 Nf6 6. Nf3 e6 7. h3 Bb4 8. d3 d4 9. Ne5 Nxe5 10. Qe2 Nc6 11. Ba4 dxc3 12. bxc3 Bxc3+ 13. Bd2 Bxa1 14. Bb3 O-O 15. Qf1 Nd4 16. Kd1 Nxb3 17. cxb3 Qc7 18.
Bg5 Bd7 19. Bxf6 Bxf6 20. Qe2 Rac8 21. Kd2 Qc2+ 22. Ke3 Bg5+ 23. Kf3 Bc6+ 24. Kg3 Qxe2 25. Rh2 Qe5+ 26. Kg4 h6 27. Rh1 f5+ 28. Kh5 Qf6 29.
Re1 Qg6+ 30. Kxg6 Rf6+ 31. Kh5 Bxg2 32. Rg1 Bxh3 33. Rh1 Bg4# 0